 Dungeon Crawl Stone Soup version 0.23.2-1-ga50397a (webtiles) character file.

Game seed: 13196498417096965339

837 suicidejoker the Skirmisher (level 7, -12/88 HPs)
             Began as a Demonspawn Fighter on May 6, 2019.
             Mangled by an orc warrior
             ... wielding a +0 mace
              (16 damage)
             ... on level 4 of the Dungeon.
             The game lasted 00:08:33 (3575 turns).

suicidejoker the Skirmisher (Demonspawn Fighter)    Turns: 3575, Time: 00:08:34

Health: -12/88     AC:  4    Str: 23 (25) XL:     7   Next: 66%
Magic:  0/7        EV: 11    Int: 10 (13) God:
Gold:   320        SH: 15    Dex: 12 (14) Spells: 6/6 levels left

rFire    . . .     SeeInvis +   B - +2 whip (elec)
rCold    . . .     Gourm    .   c - +0 shield
rNeg     . . .     Faith    .   C - +2 robe {Archmagi}
rPois    +         Spirit   +   z - +0 hat
rElec    .         Reflect  .   (no cloak)
rCorr    .         Harm     .   (no gloves)
MR       .....                  (no boots)
Stlth    ..........             q - amulet of rage
HPRegen  0.24/turn              o - +4 ring of strength
MPRegen  0.10/turn              t - ring of poison resistance

@: brilliant, berserking (expiring), very quick
A: antennae 2, large bone plates 2, see invisible, dopey 1, wild magic 1, magic
shield
a: Evoke Berserk Rage


You were on level 4 of the Dungeon.
You were hungry.

You visited 1 branch of the dungeon, and saw 4 of its levels.

You collected 320 gold pieces.

Inventory:

Hand Weapons
 B - a +2 whip of electrocution (weapon)
Missiles
 e - 152 stones (quivered)
 n - 22 bolts
 s - 6 needles of paralysis
 A - 21 poisoned needles
Armour
 c - a +0 shield (worn)
 z - a +0 hat (worn)
 C - a +2 robe of the Archmagi (worn)
Jewellery
 o - a +4 ring of strength (left hand)
 q - an amulet of rage (around neck)
 t - a ring of poison resistance (right hand)
 w - an uncursed ring of positive energy
Wands
 d - a wand of flame (9)
Scrolls
 i - 2 scrolls of teleportation {unknown}
 k - 2 scrolls of remove curse {unknown}
 m - a scroll of enchant weapon {unknown}
 p - a scroll of amnesia {unknown}
 u - a scroll of fear {unknown}
 v - a scroll of blinking {unknown}
 x - a scroll of fog {unknown}
 y - 2 scrolls of identify {unknown}
Comestibles
 f - 5 rations


   Skills:
 * Level 6.8 Fighting
   Level 1.7 Long Blades
 + Level 4.7 Armour
 + Level 3.7 Dodging
 - Level 2.6 Shields


You had 6 spell levels left.
You didn't know any spells.
Your spell library contained the following spells:

 Spells                   Type           Power        Failure   Level  Hunger
 Magic Dart               Conj           ##..         22%         1    ##.....
 Blink                    Tloc           N/A          30%         2    ###....
 Call Imp                 Summ           ##......     30%         2    ###....
 Slow                     Hex            ##......     30%         2    ###....
 Conjure Flame            Conj/Fire      ##......     50%         3    ####...
 Mephitic Cloud           Conj/Pois/Air  ##......     50%         3    ####...


Dungeon Overview and Level Annotations

Branches:
Dungeon (4/15)
 Temple: D:4-7

Altars:

Shops:
D:4 %


Innate Abilities, Weirdness & Mutations

You have a pair of antennae on your head.
You are mostly covered in large bone plates. (SH +6)
When hurt, damage is shared between your health and your magic reserves.
You have supernaturally acute eyesight. (SInv)
You are dopey. (Int -2)
Your spells are a little harder to cast, but a little more powerful.


Message History

You kill the ooze!
You whack the quokka skeleton!
You destroy the quokka skeleton!
You block the orc warrior's attack.
There is an open door here.
You see here a +0 flail.
You hit the orc warrior.
The orc warrior is lightly wounded.
You block the orc warrior's attack.
You barely miss the orc warrior.
The orc warrior is lightly wounded.
You closely miss the orc warrior.
The orc warrior is lightly wounded.
The orc warrior hits you with a +0 mace!
* * * LOW HITPOINT WARNING * * *
You whack the orc warrior!
Lightning courses through the orc warrior!
The orc warrior is severely wounded.
The orc warrior hits you with a +0 mace!
You die...

{ ###...... ########
......... #......#
......... #......#
......... #......#
......... #......#
........# # #......#
......... ###.###..o...#
########. ##....o#'#@####
#. .........#.# ###### #.
....$....#.###....## ###
...$.$...#.##......## #..
...$.$...#.'........#####..
....$....#.#........'..##..
.........#.#........'......
##.....###+#........#####..
###.## ##......## #..


You could see an orc warrior.

Vanquished Creatures
  Pikel (D:4)
  3 slaves (D:4)
  A scorpion (D:4)
  2 bullfrog skeletons (D:4)
  Ijyb (D:3)
  An orc wizard (D:3)
  2 worker ants (D:4)
  4 adders
  3 gnolls (D:3)
  3 oozes
  An adder skeleton (D:4)
  5 worms
  3 dart slugs
  3 leopard geckos
  9 orcs
  A ball python (D:3)
  3 giant cockroaches
  7 goblins
  8 hobgoblins
  11 jackals
  7 kobolds
  3 quokkas
  6 bats
  A frilled lizard (D:3)
  A quokka skeleton (D:4)
  4 rats
94 creatures vanquished.

Vanquished Creatures (others)
  An orc (D:4)
1 creature vanquished.

Grand Total: 95 creatures vanquished

Notes
Turn   | Place    | Note
-------+----------+-------------------------------------------
     0 | D:1      | suicidejoker the Demonspawn Fighter began the quest for the
                  | Orb.
     0 | D:1      | Reached XP level 1. HP: 18/18 MP: 1/1
   161 | D:1      | Gained mutation: You have a pair of small antennae on your
                  | head. [demonic ancestry]
   161 | D:1      | Reached XP level 2. HP: 17/24 MP: 2/2
   847 | D:2      | Reached skill level 1 in Dodging
   861 | D:2      | Gained mutation: You are partially covered in large bone
                  | plates. (SH +4) [demonic ancestry]
   861 | D:2      | Reached XP level 3. HP: 16/29 MP: 3/3
  1226 | D:2      | Reached skill level 4 in Fighting
  1440 | D:3      | Gained mutation: You have a pair of antennae on your head.
                  | [demonic ancestry]
  1440 | D:3      | Reached XP level 4. HP: 35/37 MP: 4/4
  1938 | D:3      | Gained mutation: When hurt, damage is shared between your
                  | health and your magic reserves. [demonic ancestry]
  1938 | D:3      | Reached XP level 5. HP: 43/43 MP: 5/5
  1973 | D:3      | Noticed Ijyb
  1990 | D:3      | Killed Ijyb
  2322 | D:3      | Reached skill level 5 in Fighting
  2790 | D:4      | Gained mutation: You are mostly covered in large bone
                  | plates. (SH +6) [demonic ancestry]
  2790 | D:4      | Reached XP level 6. HP: 19/51 MP: 4/6
  3034 | D:4      | Found Jaakhlir's Food Boutique.
  3131 | D:4      | Noticed a slave
  3131 | D:4      | Noticed a slave
  3132 | D:4      | Noticed a slave
  3132 | D:4      | Noticed Pikel
  3169 | D:4      | Killed a slave
  3187 | D:4      | Killed a slave
  3212 | D:4      | Killed a slave
  3297 | D:4      | Noticed a slave
  3317 | D:4      | Killed Pikel
  3317 | D:4      | Reached skill level 6 in Fighting
  3317 | D:4      | Reached XP level 7. HP: 55/59 MP: 5/7
  3560 | D:4      | Gained mutation: You are dopey. (Int -2) [potion of
                  | mutation]
  3560 | D:4      | Gained mutation: Your spells are a little harder to cast,
                  | but a little more powerful. [potion of mutation]
  3560 | D:4      | Gained mutation: You have supernaturally acute eyesight.
                  | (SInv) [potion of mutation]
  3574 | D:4      | HP: 3/88 [orc warrior/+0 mace (9)]
  3575 | D:4      | Mangled by an orc warrior

Skill      XL: |  1  2  3  4  5  6 |
---------------+-------------------+-----
Dodging        | 1 2 3 |  3.7
Armour         | 3 4 |  4.7
Fighting       | 4 5 6 |  6.8
Long Blades    | |  1.7
Shields        | |  2.6

Action                   |  1- 3 |  4- 6 |  7- 9 || total
-------------------------+-------+-------+-------++-------
Melee: Long sword        |   128 |   251 |       ||   379
       Whip              |       |       |    27 ||    27
 Abil: Evoke Berserk Rag |       |     1 |     1 ||     2
Evoke: Wand              |       |     7 |       ||     7
  Use: Potion            |       |     4 |     5 ||     9
  Eat: Chunk             |     1 |     4 |     2 ||     7
       Ration            |       |     1 |       ||     1
Armor: Scale mail        |    64 |    80 |       ||   144
       Robe              |       |       |     2 ||     2
Dodge: Dodged            |    40 |    78 |    10 ||   128
Block: Shield            |    98 |   185 |    23 ||   306
       Rpst.: Long sword |    12 |    29 |       ||    41
